 Dungeon Crawl Stone Soup version 0.19.5 (console) character file.

187 CALLOUS the Shield-Bearer (level 5, 0/42 HPs)
             Began as a Formicid Fighter on May 15, 2017.
             Killed from afar by Psyche (3 damage)
             ... with a magic dart
             ... on level 8 of the Dungeon.
             The game lasted 00:36:32 (2436 turns).

CALLOUS the Shield-Bearer (Formicid Fighter)        Turns: 2436, Time: 00:36:33

Health: 0/42       AC:  8    Str: 26    XL:     5   Next: 99%
Magic:  5/5        EV:  8    Int:  8    God:
Gold:   156        SH: 10    Dex: 10    Spells: 0 memorised, 4 levels left

rFire  . . .     SeeInvis +     a - +0 trident
rCold  . . .     Gourm    .     b - +0 scale mail
rNeg   . . .     Faith    .     c - +0 shield
rPois  .         Spirit   .     (helmet unavailable)
rElec  .         Reflect  .     (no cloak)
rCorr  .         Harm     .     (no gloves)
MR     .....                    i - +0 pair of boots
Stlth  ..........               (no amulet)
                                (no ring)
                                (no ring)

@: mighty
A: permanent stasis, dig shafts and tunnels, four strong arms, antennae 3
a: Dig, Shaft Self


You were on level 8 of the Dungeon.
You were very hungry.

You visited 1 branch of the dungeon, and saw 5 of its levels.

You collected 156 gold pieces.

Inventory:

Hand Weapons
 a - a +0 trident (weapon)
 h - a cursed -2 hunting sling
 n - a +0 hunting sling
 w - a +2 dagger of venom
Missiles
 g - a throwing net
 u - 19 sling bullets
 A - 43 arrows
 G - 48 stones (quivered)
 K - 21 bolts
Armour
 b - a +0 scale mail (worn)
 c - a +0 shield (worn)
 i - a +0 pair of boots (worn)
 s - a cursed +0 robe
Jewellery
 x - an uncursed ring of stealth {unknown}
 D - an uncursed amulet of regeneration {unknown}
Scrolls
 j - a scroll of fog {unknown}
 k - 3 scrolls of blinking {unknown}
 m - 4 scrolls of remove curse {unknown}
 r - a scroll of teleportation {unknown}
 t - 2 scrolls of noise {unknown}
 v - a scroll of immolation {unknown}
 C - a scroll of enchant armour {unknown}
 E - 2 scrolls of identify {unknown}
 J - a scroll of magic mapping {unknown}
Potions
 q - 2 potions of curing
Comestibles
 f - 2 bread rations
 l - a slice of pizza
 p - 2 meat rations
 H - a beef jerky
 I - 3 fruits


   Skills:
 * Level 4.2 Fighting
 - Level 2.0 Polearms
 * Level 4.7 Armour
 + Level 1.1 Stealth
 * Level 5.5 Shields


You had 4 spell levels left.
You didn't know any spells.

Dungeon Overview and Level Annotations

Branches:
Dungeon (3/15)

Altars:

Shops:
D:6 *

Annotations:
D:2 exclusion: adder
D:3 CALLOUS's ghost, weakling SpCj
D:6 Edmund; Eustachio
D:8 Psyche


Innate Abilities, Weirdness & Mutations

You are under a permanent stasis effect.
You can dig through walls and to a lower floor.
Your four strong arms can wield two-handed weapons with a shield.
You have a pair of large antennae on your head. (SInv)


Message History

Quiver which item? (- for none, * to show all) (? for menu, Esc to quit)
Okay, then.
Throwing (i - inventory. (,) - cycle):
G - 49 stones (quivered)
Press: ? - help, Shift-Dir - straight line, f - Psyche
Aim: Psyche, wielding a dagger of distortion and wearing a robe You throw a stone.
The stone barely misses Psyche.
Attack whom?
Press: ? - help, Dir - move target cursor, f/p - Psyche
Aim: Psyche, wielding a dagger of distortion and wearing a robe You reach to attack!
You impale Psyche!!
Psyche is heavily wounded.
You are feeling very hungry.
Psyche gestures at you while chanting. You block the puff of frost.
You closely miss Psyche.
Psyche is heavily wounded.
You block the hound's attack. Psyche barely misses you.
The hound barely misses you. Psyche casts a spell at you.
The magic dart hits you!
You die...

###########
......@@..#
.......h..#
..........#
..........#
(.........#
..........#
..........#
..........#


You could see Psyche and a hound.

Vanquished Creatures
  A bullfrog (D:6)
  A centaur zombie (D:6)
  An orc priest (D:6)
  2 oozes
  A worm (D:1)
  An orc (D:6)
  9 bats
  3 giant cockroaches
  6 goblins
  3 hobgoblins
  5 quokkas
  8 frilled lizards
  7 kobolds
  8 rats
56 creatures vanquished.

Notes
Turn   | Place    | Note
-------+----------+-------------------------------------------
     0 | D:1      | CALLOUS the Formicid Fighter began the quest for the Orb.
     0 | D:1      | Reached XP level 1. HP: 18/18 MP: 1/1
   191 | D:1      | Reached skill level 4 in Shields
   191 | D:1      | Reached XP level 2. HP: 24/24 MP: 2/2
   539 | D:1      | Reached XP level 3. HP: 29/29 MP: 3/3
  1302 | D:3      | Reached XP level 4. HP: 37/37 MP: 4/4
  1964 | D:3      | Noticed CALLOUS's ghost (weakling SpCj)
  1969 | D:3      | HP: 1/37 [CALLOUS's ghost/magic dart (6)]
  1970 | D:3      | You fall through a shaft for 3 floors!
  2288 | D:6      | Noticed an orc warrior
  2296 | D:6      | Reached skill level 5 in Shields
  2387 | D:6      | Found Soget's General Store.
  2414 | D:6      | Noticed Eustachio
  2414 | D:6      | Noticed a bullfrog
  2418 | D:6      | Killed a bullfrog
  2418 | D:6      | Reached XP level 5. HP: 41/42 MP: 5/5
  2420 | D:6      | Reached skill level 1 in Stealth
  2427 | D:6      | Noticed Edmund
  2431 | D:6      | HP: 2/42 [orc warrior/hand axe (10)]
  2433 | D:6      | You fall through a shaft for 2 floors!
  2433 | D:8      | Noticed Psyche
  2436 | D:8      | Killed from afar by Psyche

Skill      XL: |  1  2  3  4  5 |
---------------+----------------+-----
Shields        | 4 5 |  5.5
Armour         | 4 |  4.7
Fighting       | 4 |  4.2
Stealth        | 1 |  1.1
Polearms       | |  2.0

Action                   |  1- 3 |  4- 6 || total
-------------------------+-------+-------++-------
Melee: Trident           |   137 |    65 ||   202
Throw: Stone             |    63 |    55 ||   118
 Abil: Shaft Self        |       |     2 ||     2
  Use: Potion            |     4 |     1 ||     5
  Eat: Chunk             |     2 |     3 ||     5
Armor: Scale mail        |    42 |    26 ||    68
Dodge: Dodged            |    30 |    22 ||    52
Block: Shield            |    49 |    35 ||    84
